 Dungeon Crawl Stone Soup version 0.23.0 (webtiles) character file.

Game seed: 51713070089908197

91 Monsterracer the Skirmisher (level 4, -1/29 HPs)
             Began as a Kobold Abyssal Knight on Feb 16, 2019.
             Was a Believer of Lugonu.
             Slain by Grinder (9 damage)
             ... on level 2 of the Dungeon.
             The game lasted 00:02:19 (2881 turns).

Monsterracer the Skirmisher (Kobold Abyssal Knight) Turns: 2881, Time: 00:02:20

Health: -1/29      AC:  7    Str: 10    XL:     4   Next: 87%
Magic:  5/5        EV: 14    Int: 13    God:    Lugonu [**....]
Gold:   91         SH:  0    Dex: 14    Spells: 3/3 levels left

rFire    . . .     SeeInvis .     - Unarmed
rCold    . . .     Gourm    .   (shield restricted)
rNeg     . . .     Faith    .   a - +0 leather armour
rPois    .         Spirit   .   n - +0 helmet
rElec    .         Reflect  .   b - +0 cloak
rCorr    .         Harm     .   (no gloves)
MR       .....                  (no boots)
Stlth    +.........             (no amulet)
HPRegen  0.09/turn              j - +2 ring of protection
MPRegen  0.09/turn              (no ring)

@: no status effects
A: small, carnivore
a: Depart the Abyss, Bend Space, Renounce Religion


You were on level 2 of the Dungeon.
You worshipped Lugonu.
Lugonu was pleased with you.
You were very full.

You visited 1 branch of the dungeon, and saw 3 of its levels.
You visited the Abyss 1 time.

You collected 91 gold pieces.

Inventory:

Armour
 a - a +0 leather armour (worn)
 b - a +0 cloak (worn)
 n - a +0 helmet (worn)
Jewellery
 j - a +2 ring of protection (left hand)
Wands
 d - a wand of flame (22)
Scrolls
 f - 2 scrolls of identify
 r - 2 scrolls of remove curse
Potions
 e - a potion of lignification {unknown}
 h - a potion of brilliance
 l - 2 potions of haste
Comestibles
 c - 3 rations


   Skills:
 + Level 4.2 Fighting
 - Level 0.7 Armour
 - Level 2.4 Dodging
 * Level 4.0 Unarmed Combat
 - Level 2.0 Invocations


You had 3 spell levels left.
You didn't know any spells.
Your spell library was empty.

Dungeon Overview and Level Annotations

Branches:
Dungeon (3/15)

Altars:
Okawaru

Annotations:
D:2 Grinder


Innate Abilities, Weirdness & Mutations

You are small and have problems with some larger weapons.
You are carnivorous and can eat meat at any time.


Message History

No target in view!
A hobgoblin comes into view. It is wielding a +0 club.
A frilled lizard comes into view.
The hobgoblin shouts!
The frilled lizard hisses angrily.
The frilled lizard moves out of view.
There are monsters nearby!
You barely miss the hobgoblin. The hobgoblin hits you with a +0 club.
You take 1 damage, and have 28/29 hp.
You hit the hobgoblin.
The hobgoblin is heavily wounded.
The hobgoblin hits you but does no damage.
Health restored: 29 You hit the hobgoblin but do no damage.
The hobgoblin is heavily wounded.
The frilled lizard misses you.
You hit the hobgoblin.
The hobgoblin is severely wounded.
The hobgoblin hits you but does no damage.
The frilled lizard hisses.
The frilled lizard barely misses you.
You hit the hobgoblin.
You kill the hobgoblin!
Lugonu accepts your kill.
Your Unarmed Combat skill increases to level 4!
The frilled lizard misses you.
You hit the frilled lizard.
You kill the frilled lizard!
Lugonu accepts your kill.
Key pressed, stopping explore.
No target in view!
No target in view!
Grinder comes into view.
Grinder shouts!
Found a stone staircase leading down.
Grinder is nearby!
You hit Grinder.
Grinder is lightly wounded.
Grinder hits you but does no damage.
A rat comes into view.
There are monsters nearby!
You punch Grinder!
Grinder is moderately wounded.
Grinder hits you but does no damage. Grinder hits you.
You writhe in agony.
You take 12 damage, and have 17/29 hp.
MASSIVE DAMAGE!!
You closely miss Grinder.
Grinder is moderately wounded.
You hit Grinder.
Grinder is moderately wounded.
Grinder hits you but does no damage.
You closely miss Grinder.
Grinder is moderately wounded.
Grinder closely misses you.
You closely miss Grinder.
Grinder is moderately wounded.
Grinder blinks!
You hit the rat.
You kill the rat!
Lugonu accepts your kill.
You swing at nothing.
Grinder gestures at you. Pain shoots through your body!
* * * LOW HITPOINT WARNING * * *
You take 14 damage, and have 4/29 hp.
MASSIVE DAMAGE!!
Grinder says, "Wait up."
Grinder gestures at you. You resist with significant effort.
Grinder blinks!
Grinder grins, showing sharp teeth.
Grinder blinks!
Grinder blinks!
There is a stone staircase leading up here.
You start resting.
Grinder is too close now for your liking.
You climb upwards.
There is a stone staircase leading down here.
Unknown command.
You start resting.
HP restored.
Health restored: 29 You climb downwards.
Level annotation: Grinder
There is a stone staircase leading up here.
Grinder gestures at you.
You suddenly lose the ability to move!
Grinder hits you!
You writhe in agony.
Grinder hits you. Grinder hits you.
* * * LOW HITPOINT WARNING * * *
You writhe in agony.
* * * LOW HITPOINT WARNING * * *
You can move again.
You climb upwards.
There is a stone staircase leading down here.
You take 21 damage, and have 8/29 hp.
MASSIVE DAMAGE!!
Unknown command.
You hit Grinder.
Grinder is lightly wounded.
Grinder hits you!
You die...

########## #........#
#.######.# #.#....#.#
#.#.##.#.############
#.#..............[...
#.#....#.#.......####
#.#..###.#.#####.####
#.#.@5...............
#.#..####.....##.....
#.#..####........####
#.#.....+.....##.####
#.##.####.....##.....
#.##.# #.....##.....
#.##.# ###.####.....
#.##.# #.#..#.....
#.##.# #.#..#.....


You could see Grinder.

Vanquished Creatures
  2 adders
  A worm (D:2)
  3 dart slugs
  2 leopard geckos
  2 ball pythons
  3 bats (D:1)
  4 giant cockroaches
  4 goblins
  7 hobgoblins
  13 jackals
  4 frilled lizards
  2 kobolds
  10 rats
57 creatures vanquished.

Notes
Turn   | Place    | Note
-------+----------+-------------------------------------------
     0 | Abyss:1  | Monsterracer the Kobold Abyssal Knight began the quest for
                  | the Orb.
     0 | Abyss:1  | Reached XP level 1. HP: 14/14 MP: 2/2
     8 | D:1      | Escaped the Abyss
   137 | D:1      | Reached XP level 2. HP: 15/19 MP: 3/3
   590 | D:1      | Reached XP level 3. HP: 20/23 MP: 4/4
   794 | D:1      | Reached ** piety under Lugonu
  1446 | D:2      | Reached XP level 4. HP: 25/29 MP: 5/5
  1574 | D:2      | Found an iron altar of Okawaru.
  2585 | D:3      | Noticed Grinder
  2598 | D:3      | HP: 4/29 [Grinder/nerve-wracking pain (14)]
  2876 | D:3      | Paralysed by Grinder for 4 turns
  2879 | D:3      | HP: 12/29 [Grinder (5)]
  2881 | D:2      | Slain by Grinder

Skill      XL: |  1  2  3  4 |
---------------+-------------+-----
Unarmed Combat | 3 4 |  4.0
Fighting       | 4 |  4.2
Armour         | |  0.7
Dodging        | |  2.4
Invocations    | |  2.0

Action                   |  1- 3 |  4- 6 || total
-------------------------+-------+-------++-------
Melee: Unarmed           |   147 |    96 ||   243
       Punch             |     3 |     5 ||     8
  Use: Scroll            |       |     7 ||     7
  Eat: Chunk             |    10 |     4 ||    14
Armor: Leather armour    |    35 |    18 ||    53
Dodge: Dodged            |   132 |    64 ||   196

Levels and vault maps discovered:
D:1:      tarquinn_simple_flora_water_e, layout_rooms, nrook_mini_vaults
D:2:      layout_basic, lemuel_crystal_altar
D:3:      layout_loops_ring, lemuel_coloured_pillars_altar, fiery_altar_vehumet,
          chequers_ecumenical_altar_simple_redux, kennysheep_generic_room_16,
          uniq_grinder
Abyss:1
